 Dungeon Crawl Stone Soup version 0.26-a0-682-g294304f6e8 (webtiles) character file.

Game seed: 6898748603136788686

57 Kinoniko the Skirmisher (level 4, 0/73 HPs)
             Began as an Ogre Berserker on Oct 21, 2020.
             Was a Follower of Trog.
             Succumbed to an adder's poison
             ... on level 2 of the Dungeon.
             The game lasted 00:01:28 (1319 turns).

Kinoniko the Skirmisher (Ogre Berserker)            Turns: 1319, Time: 00:01:29

Health: 0/73       AC:  3    Str: 21    XL:     4   Next: 0%
Magic:  4/4        EV: 10    Int:  8    God:    Trog [*.....]
Gold:   128        SH:  0    Dex:  9    Spells: 3/3 levels left

rFire    . . .     SeeInvis .   m - +0 whip
rCold    . . .     Faith    .   (no shield)
rNeg     . . .     Spirit   .   b - +0 animal skin
rPois    .         Reflect  .   (helmet restricted)
rElec    .         Harm     .   (no cloak)
rCorr    .         Rampage  .   (gloves unavailable)
MR       .....                  (boots unavailable)
Stlth    ..........             (no amulet)
HPRegen  0.22/turn              (no ring)
MPRegen  0.09/turn              (no ring)

@: berserking (expiring), lethally poisoned (0 -> -3), very quick
A: large, unfitting armour, tough skin 1
a: Berserk, Renounce Religion


You were on level 2 of the Dungeon.
You worshipped Trog.
Trog was aware of your devotion.
You visited 1 branch of the dungeon, and saw 2 of its levels.

You collected 128 gold pieces.

Inventory:

Hand Weapons
 a - a +0 mace
 m - a +0 whip (weapon)
Armour
 b - a +0 animal skin (worn)
Jewellery
 n - a cursed amulet of inaccuracy {unknown}
Scrolls
 c - 2 scrolls of identify {unknown}
 d - a scroll of blinking {unknown}
 e - a scroll of random uselessness {unknown}
 f - 2 scrolls of amnesia {unknown}
 h - a scroll of noise {unknown}
 k - a scroll of enchant weapon {unknown}
Potions
 g - 2 potions of curing {unknown}
 i - a potion of brilliance {unknown}
 j - a potion of invisibility {unknown}
 l - 2 potions of might {unknown}


   Skills:
 + Level 4.8 Fighting
 * Level 3.8 Maces & Flails
 - Level 2.6 Dodging


You had 3 spell levels left.
You didn't know any spells.
Your spell library was empty.

Dungeon Overview and Level Annotations

Branches:
Dungeon (2/15)

Altars:


Innate Abilities, Weirdness & Mutations

You are too large for most types of armour.
You have tough skin. (AC +1)


Message History

You miss the adder.
The adder is lightly wounded.
* * * LOW HITPOINT WARNING * * *
You feel sick. The adder completely misses you.
You whack the adder!
You kill the adder!
Trog accepts your kill.
You closely miss the ball python. The ball python bites you.
* * * LOW HITPOINT WARNING * * *
You whack the ball python!
You kill the ball python!
Trog accepts your kill.
* * * LOW HITPOINT WARNING * * *
You feel sick.
You hit the hobgoblin.
You kill the hobgoblin!
Trog accepts your kill.
You have reached level 4!
You miss the goblin.
You die...

#### ...# ##.. ...# ##.#
...# ##.# #.# #..# .#.#
#.#####..###.##
.#.#######.#.......K....
...............Kw#
.#.#######.#.###g#
..#.## #.#.# #@# .###.#
#.#.# #.# #.#.######.#.#
#.#
#..........#.###.####.#
...####...†....)........
##......####.###########
..####### #.# #. #.# #.
#.#


You could see a dart slug, a goblin and a kobold.

Vanquished Creatures
  3 adders (D:2)
  3 worms (D:2)
  A leopard gecko (D:1)
  A bat (D:2)
  A giant cockroach (D:1)
  3 goblins (D:1)
  3 hobgoblins
  A ball python (D:2)
  2 frilled lizards (D:2)
  A kobold (D:1)
  3 rats
22 creatures vanquished.

Notes
Turn   | Place    | Note
-------+----------+-------------------------------------------
     0 | D:1      | Kinoniko the Ogre Berserker began the quest for the Orb.
     0 | D:1      | Reached XP level 1. HP: 24/24 MP: 1/1
   165 | D:1      | Reached XP level 2. HP: 30/32 MP: 2/2
   714 | D:2      | Reached XP level 3. HP: 15/40 MP: 3/3
  1312 | D:2      | HP: 3/60 [adder (1)]
  1317 | D:2      | HP: 1/61 [poisoned by an adder]
  1318 | D:2      | Reached XP level 4. HP: 1/49 MP: 4/4
  1319 | D:2      | Succumbed to an adder's poison

Illustrated notes

Levels and vault maps discovered:
D:1:      minmay_arrival_open_corners, layout_rooms, minmay_misc_feat_iff,
          minmay_misc_feat_hallway
D:2:      layout_loops_ring, corexii_corridor_pit, trog_book

Skill      XL: |  1 |
---------------+----+-----
Maces & Flails | 3 |  3.8
Fighting       | |  4.8
Dodging        | |  2.6

Action                   |  1- 3 |  4- 6 || total
-------------------------+-------+-------++-------
Melee: Mace              |    38 |       ||    38
       Whip              |    71 |     1 ||    72
Invok: Berserk           |     3 |       ||     3
  Use: Potion            |     1 |       ||     1
Armor: Animal skin       |    31 |       ||    31
Dodge: Dodged            |    70 |       ||    70

Table legend: (Time is in decaauts)
 A = Elapsed time spent in this place.
 B = Non-inter-level travel time spent in this place.
 C = Inter-level travel time spent in this place.
 D = Time resting spent in this place.
 E = Time spent auto-exploring this place.
 F = Levels seen in this place.
 G = Mean time per level.
                   A        B        C        D        E       F      G
               +--------+--------+--------+--------+--------+-----+--------+
         Total |   1329 |   1283 |     46 |    214 |    859 |   2 |  664.5 |
       Dungeon |   1329 |   1283 |     46 |    214 |    859 |   2 |  664.5 |
               +--------+--------+--------+--------+--------+-----+--------+

Top non-repeatable levels by time:
     D:2: 798 daAuts
     D:1: 531 daAuts
